TOP OF THE 1ST |
Calgary Flames batting - Pitching for Colorado Avalanche : RHP Yin-ti Shen
|
Pitching: RHP Yin-ti Shen
|
|
Batting: RHB Jim Harkness
|
0-0: Ball 1-0: Called Strike 1-1: Swinging Strike 1-2: Strikes out looking
|
Batting: RHB Andre Thompson
|
0-0: Called Strike 0-1: Ball 1-1: Fly out, F9 (Flyball, 9, EV 87.5 MPH)
|
Batting: LHB Li-zhu Song
|
0-0: Foul Ball, location: 2F 0-1: Foul Ball, location: 2F 0-2: Ball 1-2: Strikes out swinging
|
Top of the 1st over - 0 runs, 0 hits, 0 errors, 0 left on base; Calgary 0 - Colorado 0 |
BOTTOM OF THE 1ST |
Colorado Avalanche batting - Pitching for Calgary Flames : LHP Tony Duque
|
Pitching: LHP Tony Duque
|
|
Batting: RHB Ben Connelly
|
0-0: Called Strike 0-1: Called Strike 0-2: Ball 1-2: Strikes out swinging
|
Batting: RHB Edwin Bejarano
|
0-0: Ground out 5-3 (Groundball, 56, EV 84.4 MPH)
|
Batting: RHB Joe Shade
|
0-0: Ball 1-0: Foul Ball, location: 2F 1-1: Foul Ball, location: 2F 1-2: Ball 2-2: Ball 3-2: Foul Ball, location: 2F 3-2: SOLO HOME RUN (Flyball, 7LD, EV 100.0 MPH), Distance : 394 ft
|
Batting: LHB Tyler Twiss
|
0-0: Ball 1-0: Ball 2-0: Ball 3-0: Called Strike 3-1: Ground out 4-3 (Groundball, 34, EV 88.8 MPH)
|
Bottom of the 1st over - 1 run, 1 hit, 0 errors, 0 left on base; Calgary 0 - Colorado 1 |
TOP OF THE 2ND |
Calgary Flames batting - Pitching for Colorado Avalanche : RHP Yin-ti Shen
|
Batting: SHB Shawnie Codbucket
|
0-0: Called Strike 0-1: Ball 1-1: Swinging Strike 1-2: Foul Ball, location: 2F 1-2: Foul Ball, location: 2F 1-2: Strikes out swinging
|
Batting: LHB Bruce Daley
|
0-0: Foul Ball, location: 2F 0-1: Foul Ball, location: 2F 0-2: Foul Ball, location: 2F 0-2: Foul Ball, location: 2F 0-2: Foul Ball, location: 2F 0-2: Foul Ball, location: 2F 0-2: Strikes out swinging
|
Batting: RHB Juan Mercado
|
0-0: Ball 1-0: Hit by Pitch
|
Batting: SHB Yu-hsui Lew
|
0-0: Foul Ball, location: 2F 0-1: Swinging Strike 0-2: Strikes out swinging
|
Top of the 2nd over - 0 runs, 0 hits, 0 errors, 1 left on base; Calgary 0 - Colorado 1 |
BOTTOM OF THE 2ND |
Colorado Avalanche batting - Pitching for Calgary Flames : LHP Tony Duque
|
Batting: RHB Mike Chiquete
|
0-0: Called Strike 0-1: Ball 1-1: Ball 2-1: Ball 3-1: Foul Ball, location: 2F 3-2: Strikes out swinging
|
Batting: LHB Dan Goldberg
|
0-0: Ball 1-0: Ball 2-0: Called Strike 2-1: Ball 3-1: Called Strike 3-2: SINGLE (Groundball, 34D, EV 98.8 MPH)
|
Batting: RHB Jon Herner
|
0-0: Foul Ball, location: 2F 0-1: Swinging Strike 0-2: Ball 1-2: Foul Ball, location: 2F 1-2: Ball 2-2: Ball 3-2: Strikes out swinging
|
Batting: RHB Ken Dunphy
|
0-0: Fly out, F9 (Flyball, 89S, EV 91.9 MPH)
|
Bottom of the 2nd over - 0 runs, 1 hit, 0 errors, 1 left on base; Calgary 0 - Colorado 1 |
TOP OF THE 3RD |
Calgary Flames batting - Pitching for Colorado Avalanche : RHP Yin-ti Shen
|
Batting: LHB Greg Robertson
|
0-0: Called Strike 0-1: Fly out, F4 (Line Drive, 4, EV 70.0 MPH)
|
Batting: RHB Chad Stady
|
0-0: Ball 1-0: Foul Ball, location: 2F 1-1: Foul Ball, location: 2F 1-2: Fly out, F8 (Flyball, 8RD, EV 89.4 MPH)
|
Batting: RHB Jim Harkness
|
0-0: Foul Ball, location: 2F 0-1: Ball 1-1: Ball 2-1: Foul Ball, location: 2F 2-2: Ball 3-2: Foul Ball, location: 2F 3-2: Fly out, F8 (Flyball, 8RD, EV 102.5 MPH)
|
Top of the 3rd over - 0 runs, 0 hits, 0 errors, 0 left on base; Calgary 0 - Colorado 1 |
BOTTOM OF THE 3RD |
Colorado Avalanche batting - Pitching for Calgary Flames : LHP Tony Duque
|
Batting: LHB Bob Kaufmann
|
0-0: Called Strike 0-1: Swinging Strike 0-2: Ball 1-2: Strikes out swinging
|
Batting: RHB Ben Connelly
|
0-0: Foul Ball, location: 2F 0-1: Foul Ball, location: 2F 0-2: Foul Ball, location: 2F 0-2: Ground out 6-3 (Groundball, 6M, EV 80.0 MPH)
|
Batting: RHB Edwin Bejarano
|
0-0: Called Strike 0-1: Fly out, F9 (Flyball, 9, EV 91.2 MPH)
|
Bottom of the 3rd over - 0 runs, 0 hits, 0 errors, 0 left on base; Calgary 0 - Colorado 1 |
TOP OF THE 4TH |
Calgary Flames batting - Pitching for Colorado Avalanche : RHP Yin-ti Shen
|
Batting: RHB Andre Thompson
|
0-0: Swinging Strike 0-1: Ball 1-1: Ball 2-1: Foul Ball, location: 2F 2-2: Ball 3-2: Strikes out swinging
|
Batting: LHB Li-zhu Song
|
0-0: Ball 1-0: DOUBLE (Line Drive, 78XD, EV 107.5 MPH)
|
Batting: SHB Shawnie Codbucket
|
0-0: Swinging Strike 0-1: Called Strike 0-2: Fly out, F7 (Flyball, 78M, EV 80.6 MPH)
|
Batting: LHB Bruce Daley
|
0-0: Called Strike 0-1: Ball 1-1: Foul Ball, location: 2F 1-2: Foul Ball, location: 2F 1-2: Strikes out swinging
|
Top of the 4th over - 0 runs, 1 hit, 0 errors, 1 left on base; Calgary 0 - Colorado 1 |
BOTTOM OF THE 4TH |
Colorado Avalanche batting - Pitching for Calgary Flames : LHP Tony Duque
|
Batting: RHB Joe Shade
|
0-0: Ball 1-0: Foul Ball, location: 2F 1-1: Foul Ball, location: 2F 1-2: Ball 2-2: Strikes out swinging
|
Batting: LHB Tyler Twiss
|
0-0: SINGLE (Flyball, 89S, EV 97.5 MPH)
|
Batting: RHB Mike Chiquete
|
0-0: Ball 1-0: Swinging Strike 1-1: Fly out, F5 (Popup, 5SF, EV 73.1 MPH)
|
Batting: LHB Dan Goldberg
|
0-0: Ground out 1-3 (Groundball, 23, EV 70.6 MPH)
|
Bottom of the 4th over - 0 runs, 1 hit, 0 errors, 1 left on base; Calgary 0 - Colorado 1 |
TOP OF THE 5TH |
Calgary Flames batting - Pitching for Colorado Avalanche : RHP Yin-ti Shen
|
Batting: RHB Juan Mercado
|
0-0: Reached on error, E3 (Groundball, 34S, EV 87.5 MPH)
|
Batting: SHB Yu-hsui Lew
|
0-0: Foul Ball, location: 2F 0-1: Foul Ball, location: 2F 0-2: Ball 1-2: Ground out U3 (Groundball, 34S, EV 85.0 MPH) Juan Mercado to second
|
Batting: LHB Greg Robertson
|
0-0: Called Strike 0-1: Foul Ball, location: 2F 0-2: Fly out, F9 (Flyball, 9S, EV 95.0 MPH)
|
Batting: RHB Chad Stady
|
0-0: Foul Ball, location: 2F 0-1: Ball 1-1: Ground out 6-3 (Groundball, 6S, EV 70.6 MPH)
|
Top of the 5th over - 0 runs, 0 hits, 1 error, 1 left on base; Calgary 0 - Colorado 1 |
BOTTOM OF THE 5TH |
Colorado Avalanche batting - Pitching for Calgary Flames : LHP Tony Duque
|
Batting: RHB Jon Herner
|
0-0: Fly out, F7 (Line Drive, 78M, EV 94.4 MPH)
|
Batting: RHB Ken Dunphy
|
0-0: Called Strike 0-1: Ball 1-1: Foul Ball, location: 2F 1-2: Strikes out swinging
|
Batting: LHB Bob Kaufmann
|
0-0: Called Strike 0-1: Ball 1-1: Called Strike 1-2: Strikes out swinging
|
Bottom of the 5th over - 0 runs, 0 hits, 0 errors, 0 left on base; Calgary 0 - Colorado 1 |
TOP OF THE 6TH |
Calgary Flames batting - Pitching for Colorado Avalanche : RHP Yin-ti Shen
|
Batting: RHB Jim Harkness
|
0-0: Ground out 5-3 (Groundball, 56, EV 101.9 MPH)
|
Batting: RHB Andre Thompson
|
0-0: Ball 1-0: Swinging Strike 1-1: Ground out 6-3 (Groundball, 6, EV 85.6 MPH)
|
Batting: LHB Li-zhu Song
|
0-0: Ball 1-0: Foul Ball, location: 2F 1-1: SINGLE (Groundball, 23, EV 67.5 MPH) (infield hit)
|
Pitching: RHP Cedomil Nedic
|
|
Batting: SHB Shawnie Codbucket
|
0-0: Ball 1-0: Foul Ball, location: 2F 1-1: Called Strike 1-2: Ball 2-2: Foul Ball, location: 2F 2-2: SINGLE (Line Drive, 34D, EV 96.9 MPH) Li-zhu Song to second Runner from 2nd tries for 3rd, SAFE, no throw by RF
|
Batting: LHB Bruce Daley
|
0-0: Ball 1-0: Ball 2-0: Ball 3-0: Called Strike 3-1: Base on Balls Shawnie Codbucket to second
|
Batting: RHB Juan Mercado
|
0-0: Ground out U3 (Groundball, 3L, EV 103.1 MPH)
|
Top of the 6th over - 0 runs, 2 hits, 0 errors, 3 left on base; Calgary 0 - Colorado 1 |
BOTTOM OF THE 6TH |
Colorado Avalanche batting - Pitching for Calgary Flames : LHP Tony Duque
|
Batting: RHB Ben Connelly
|
0-0: Called Strike 0-1: Ground out 6-3 (Groundball, 56, EV 79.4 MPH)
|
Batting: RHB Edwin Bejarano
|
0-0: Called Strike 0-1: Fly out, F7 (Flyball, 7LS, EV 95.6 MPH)
|
Batting: RHB Joe Shade
|
0-0: Foul Ball, location: 2F 0-1: Called Strike 0-2: Ball 1-2: Ball 2-2: Fly out, F9 (Flyball, 9S, EV 88.1 MPH)
|
Bottom of the 6th over - 0 runs, 0 hits, 0 errors, 0 left on base; Calgary 0 - Colorado 1 |
TOP OF THE 7TH |
Calgary Flames batting - Pitching for Colorado Avalanche : RHP Cedomil Nedic
|
Batting: SHB Yu-hsui Lew
|
0-0: Ball 1-0: Ball 2-0: Single, Error in OF, E8, batter to second base (Line Drive, 78S, EV 105.6 MPH)
|
Pinch Hitting: RHB Tyler Johnson
|
0-0: Swinging Strike 0-1: SINGLE (Line Drive, 7S, EV 98.1 MPH) Yu-hsui Lew to third Runner from 3rd tries for Home, throw by LF and OUT! 7-2
|
Batting: RHB Alejandro Patron
|
0-0: Grounds into double play, 6-4-3 (Groundball, 56, EV 106.2 MPH)
|
Top of the 7th over - 0 runs, 2 hits, 1 error, 0 left on base; Calgary 0 - Colorado 1 |
BOTTOM OF THE 7TH |
Colorado Avalanche batting - Pitching for Calgary Flames : LHP Tony Duque
|
Now in RF: Ryan Allen
|
|
Pinch Hitting: RHB Marco Avina
|
0-0: Ground out U3 (Groundball, 3, EV 104.4 MPH)
|
Batting: RHB Mike Chiquete
|
0-0: Ball 1-0: Foul Ball, location: 2F 1-1: Ball 2-1: Ball 3-1: Called Strike 3-2: Strikes out looking
|
Batting: LHB Dan Goldberg
|
0-0: Ball 1-0: Ball 2-0: Foul Ball, location: 2F 2-1: Ball 3-1: Foul Ball, location: 2F 3-2: Strikes out swinging
|
Bottom of the 7th over - 0 runs, 0 hits, 0 errors, 0 left on base; Calgary 0 - Colorado 1 |
TOP OF THE 8TH |
Calgary Flames batting - Pitching for Colorado Avalanche : RHP Cedomil Nedic
|
Pitching: RHP David Spangler
|
|
Now in RF: Rich Rauda
|
|
Batting: RHB Jim Harkness
|
0-0: Called Strike 0-1: Foul Ball, location: 2F 0-2: Ball 1-2: Strikes out swinging
|
Batting: RHB Andre Thompson
|
0-0: Swinging Strike 0-1: Ball 1-1: Foul Ball, location: 2F 1-2: Ball 2-2: Hit by Pitch
|
Batting: LHB Li-zhu Song
|
0-0: Ball 1-0: Ball 2-0: Ball 3-0: Called Strike 3-1: Called Strike 3-2: Base on Balls Andre Thompson to second
|
Batting: SHB Shawnie Codbucket
|
0-0: Ball 1-0: SINGLE (Line Drive, 78S, EV 105.0 MPH) Andre Thompson to third Li-zhu Song to second
|
Batting: LHB Bruce Daley
|
0-0: Grounds into double play, 4-2-3 (Groundball, 4, EV 101.9 MPH)
|
Top of the 8th over - 0 runs, 1 hit, 0 errors, 2 left on base; Calgary 0 - Colorado 1 |
BOTTOM OF THE 8TH |
Colorado Avalanche batting - Pitching for Calgary Flames : LHP Tony Duque
|
Pitching: RHP Nick Dey
|
|
Batting: RHB Jon Herner
|
0-0: Called Strike 0-1: Called Strike 0-2: Strikes out swinging
|
Batting: RHB Ken Dunphy
|
0-0: Ball 1-0: Called Strike 1-1: SOLO HOME RUN (Flyball, 8RXD, EV 115.6 MPH), Distance : 460 ft
|
Batting: LHB Bob Kaufmann
|
0-0: Ball 1-0: Fly out, F5 (Popup, 56, EV 65.6 MPH)
|
Batting: RHB Ben Connelly
|
0-0: SINGLE (Flyball, 89S, EV 90.0 MPH)
|
Batting: RHB Edwin Bejarano
|
0-0: Ball 1-0: Called Strike 1-1: Ball Ben Connelly steals 2nd base 2-1: Ball 3-1: Base on Balls
|
Batting: RHB Joe Shade
|
0-0: Ball 1-0: Ball 2-0: Called Strike 2-1: Swinging Strike 2-2: Foul Ball, location: 2F 2-2: Ball 3-2: Foul Ball, location: 2F 3-2: Base on Balls Ben Connelly to third Edwin Bejarano to second
|
Batting: LHB Rich Rauda
|
0-0: SINGLE (Line Drive, 9S, EV 95.0 MPH) Ben Connelly scores Edwin Bejarano to third Joe Shade to second Runner from 3rd tries for Home, SAFE, throw by RF to home
|
Pitching: RHP Jake Costanzo
|
|
Batting: RHB Mike Chiquete
|
0-0: Ball 1-0: Called Strike 1-1: Swinging Strike 1-2: Strikes out looking
|
Bottom of the 8th over - 3 runs, 3 hits, 0 errors, 2 left on base; Calgary 0 - Colorado 4 |
TOP OF THE 9TH |
Calgary Flames batting - Pitching for Colorado Avalanche : RHP David Spangler
|
Batting: RHB Juan Mercado
|
0-0: Ball 1-0: Ball 2-0: SINGLE (Groundball, 6MD, EV 105.6 MPH)
|
Batting: SHB Yu-hsui Lew
|
0-0: Ball 1-0: Fly out, F8 (Flyball, 8RD, EV 100.6 MPH)
|
Pinch Hitting: RHB Ahmed Elezi
|
0-0: Ball 1-0: Foul Ball, location: 2F 1-1: Foul Ball, location: 2F 1-2: Ball 2-2: Ball 3-2: Fly out, F8 (Flyball, 8LD, EV 90.6 MPH)
|
Pitching: RHP Gary Pinard
|
|
Batting: RHB Alejandro Patron
|
0-0: Called Strike 0-1: Ball 1-1: Fly out, F9 (Flyball, 9, EV 93.8 MPH)
|
Top of the 9th over - 0 runs, 1 hit, 0 errors, 1 left on base; Calgary 0 - Colorado 4 |
|